[Event "Austria 2nd BL-Mitte 2024-25"]
[Site "Austria"]
[Date "2025.04.05"]
[Round "10.22"]
[White "Marakovits, Nico"]
[Black "Frosch, Erich"]
[Result "1-0"]
[Annotator "ChessBase"]
[ECO "A50"]
[WhiteElo "2302"]
[BlackElo "2135"]
[PlyCount "69"]
[EventDate "2025.03.30"]
[EventType "team-tourn"]
[EventCountry "AUT"]
[SourceTitle "playchess.com"]
[Source "ChessBase"]
[SourceQuality "1"]
[TimeControl "40/5400+30:1800+30"]

1. d4 Nf6 2. c4 e6 3. Nc3 b6 4. e4 Bb7 5. Bd3 d6 6. f4 g6 7. Nf3 Bg7 8. O-O O-O 9. Re1 c5 10. d5 exd5 11. cxd5 a6 12. a4 Re8 13. Bc4 Nbd7 14. Bd2 Qc7 15. h3 Re7 16. Qc2 Rae8 17. Rad1 Qb8 18. Bc1 Nh5 19. Nb1 Bc8 20. Qd3 Bh6 21. Ng5 Bxg5 22. fxg5 Ne5 23. Qc2 Nxc4 24. Qxc4 b5 25. axb5 axb5 26. Qd3 Qb6 27. Qf3 Qa5 28. g4 Ng7 29. b3 Qa2 30. Bf4 Qa6 31. Nd2 Bb7 32. Bg3 Rf8 33. Qf6 Rd7 34. Ra1 Qb6 35. Be5 1-0

[Event "Austria 2nd BL-Mitte 2024-25"]
[Site "Austria"]
[Date "2025.04.05"]
[Round "10.23"]
[White "Wegerer, Fred"]
[Black "Eibinger, Manuel"]
[Result "1-0"]
[Annotator "NA"]
[ECO "D02"]
[WhiteElo "2113"]
[BlackElo "2071"]
[PlyCount "117"]
[EventDate "2025.03.30"]
[EventType "team-tourn"]
[EventCountry "AUT"]
[SourceTitle "playchess.com"]
[Source "ChessBase"]
[SourceQuality "1"]
[TimeControl "40/5400+30:1800+30"]

1. Nf3 d5 2. d4 Nf6 3. c3 Bf5 4. Qb3 Qc8 5. Bg5 Nbd7 6. Nbd2 h6 7. Bf4 e6 8. h3 Be7 9. e3 O-O 10. g4 Bg6 11. Be2 c5 12. Ne5 Nxe5 13. Bxe5 Nd7 14. Bg3 f6 15. O-O c4 16. Qd1 b5 17. a3 Nb6 18. Nf3 Qc6 19. Nh4 Bh7 20. f4 Bd6 21. Kh2 Qc7 22. Ng2 a5 23. h4 g5 24. Qe1 Na4 25. Qd2 Rf7 26. Rf2 Raf8 27. Rh1 Qb8 28. Bd1 Nb6 29. Kg1 Be4 30. Rh3 Rg7 31. hxg5 hxg5 32. Ne1 Rff7 33. Rfh2 Rh7 34. Rxh7 Rxh7 35. Rxh7 Kxh7 36. Qh2+ Kg7 37. Bf3 Bg6 38. Bd1 Be4 39. Nf3 Qh8 40. fxg5 Qxh2+ 41. Kxh2 Bxf3 42. gxf6+ Kxf6 43. Bxf3 Bxg3+ 44. Kxg3 Na4 45. e4 Nxb2 46. exd5 exd5 47. Bxd5 Na4 48. Kf4 Nxc3 49. g5+ Kg6 50. Be6 b4 51. axb4 axb4 52. Bxc4 b3 53. Bd3+ Kg7 54. Ke5 b2 55. d5 b1=Q 56. Bxb1 Nxb1 57. d6 Na3 58. d7 Nc4+ 59. Ke6 1-0